Map: Oxide LE

Players

milkicow - Winner!

  • Race: Terran Terran

Hellraiser

  • Race: Protoss Protoss

Event: DreamHack SC2 Masters 2021 Fall

VOD

Have the link to the VOD?

Description

Time

  • Played on: July 29, 2021, 11:45 a.m.
  • Length: 15:40

All games in this series

Show
View Real Time Build Order
Export as new Build Order

milkicow Terran - Winner!

Build Orders:  

Get SALT Encoding   

  12  0:00  SCV  
  13  0:12  SCV  
  14  0:17  Supply Depot  
  14  0:24  SCV  
  15  0:38  SCV  
  15  0:39  Barracks  
  16  0:45  Refinery  
  16  0:50  SCV  
  16  0:54  Refinery  
  17  1:03  SCV  
  18  1:15  SCV  
  19  1:26  Reaper  
  19  1:27  Orbital Command  
  20  1:33  Supply Depot  
  20  1:46  Factory  
  20  1:52  SCV  
  21  1:58  Reaper  
  22  2:04  SCV  
  22  2:07  Bunker  
  23  2:16  SCV  
  24  2:28  SCV  
  25  2:32  Hellion  
  25  2:34  Reaper  
  28  2:41  SCV  
  28  2:57  Starport  
  29  3:01  Supply Depot  
  29  3:02  Factory Tech Lab  
  27  3:19  SCV  
  28  3:20  Barracks Reactor  
  28  3:23  Command Center  
  28  3:28  Cyclone  
  28  3:31  SCV  
  32  3:38  Viking  
  34  3:43  SCV  
  35  3:55  SCV  
  35  3:57  Marine  
  35  3:58  Marine  
  35  4:00  Supply Depot  
  37  4:07  SCV  
  38  4:17  Viking  
  38  4:19  Marine  
  38  4:22  SCV, Cyclone  
  43  4:32  Barracks  
  43  4:34  Barracks  
  43  4:35  Marine  
  43  4:37  SCV  
  45  4:45  Orbital Command  
  45  4:49  SCV  
  45  4:50  Starport Tech Lab  
  46  5:02  SCV, Siege Tank  
  50  5:11  Marine, Engineering Bay  
  50  5:14  SCV  
  51  5:16  SCV  
  51  5:20  Starport Reactor  
  51  5:22  Barracks Tech Lab  
  51  5:26  SCV  
  51  5:28  Stimpack  
  52  5:29  SCV, Marauder  
  52  5:33  Supply Depot  
  55  5:38  SCV  
  56  5:43  Marine, Terran Infantry Weapons Level 1  
  56  5:45  Marine  
  56  5:47  Marine, SCV  
  59  5:50  SCV, Marauder  
  61  5:59  SCV  
  61  6:00  Marine  
  61  6:02  SCV, Medivac  
  65  6:07  Marine x2  
  65  6:10  Refinery  
  65  6:11  SCV  
  68  6:12  Supply Depot  
  68  6:14  Marine  
  69  6:20  Marine, Combat Shield  
  70  6:33  Marine x2  
  70  6:34  SCV, Marauder  
  70  6:37  Marine  
  70  6:39  Supply Depot, SCV  
  77  6:51  Marine  
  77  6:52  Marauder  
  77  6:53  SCV  
  77  6:55  SCV  
  77  7:01  Bunker, Marauder  
  80  7:03  Bunker  
  80  7:07  Supply Depot  
  80  7:08  Marine  
  76  7:10  SCV  
  76  7:13  Marauder  
  76  7:15  Siege Tank  
  82  7:18  SCV  
  82  7:22  Marauder  
  81  7:23  SCV  
  81  7:27  Refinery  
  80  7:30  Supply Depot  
  80  7:33  Marine  
  80  7:34  SCV, Marauder  
  84  7:38  Missile Turret  
  84  7:40  Medivac  
  84  7:41  Supply Depot  
  84  7:42  Medivac  
  85  7:50  Marine, SCV  
  85  7:51  SCV, Marauder  
  90  7:55  Marine  
  90  7:56  Marauder  
  90  8:05  Siege Tank  
  88  8:12  Marauder  
  88  8:17  SCV  
  88  8:18  SCV  
  90  8:20  Marine  
  90  8:22  Marine  
  90  8:23  Marine  
  90  8:25  Command Center  
  93  8:33  Marine, Liberator x2  
  100  8:37  Marine  
  100  8:38  SCV x2  
  103  8:41  Marine  
  103  8:42  Supply Depot  
  104  8:54  Terran Infantry Armor Level 1  
  105  8:58  Marine  
  105  8:59  Marine x2, Marauder  
  109  9:03  Supply Depot, Siege Tank  
  109  9:04  Supply Depot  
  109  9:09  SCV  
  113  9:10  SCV  
  113  9:16  Barracks  
  113  9:17  Barracks  
  113  9:23  Medivac  
  113  9:24  Medivac  
  115  9:25  Marine  
  115  9:26  Marauder  
  115  9:28  SCV  
  115  9:30  SCV  
  120  9:36  Supply Depot  
  120  9:39  Marine, Marauder  
  120  9:45  Marine  
  123  9:46  SCV  
  123  9:47  Marauder  
  123  9:49  Ghost Academy  
  126  9:53  Siege Tank  
  126  9:58  Medivac x2  
  133  10:02  Marine, Marauder  
  133  10:03  SCV  
  134  10:09  Marine  
  134  10:10  Marauder  
  128  10:15  Marine  
  128  10:16  Marine  
  128  10:20  Marine, Orbital Command  
  127  10:28  Siege Tank  
  132  10:30  Ghost  
  132  10:31  Ghost  
  132  10:35  Marine x2, Barracks Tech Lab  
  135  10:37  SCV  
  135  10:38  Refinery, Supply Depot  
  135  10:39  Refinery  
  135  10:42  Marine  
  138  10:44  SCV  
  138  10:49  SCV  
  140  10:53  Marine x2  
  142  10:59  Ghost  
  142  11:00  Marine  
  145  11:04  Ghost  
  145  11:05  Marine  
  145  11:11  Marine x2  
  148  11:13  Siege Tank  
  148  11:14  SCV x2  
  148  11:18  Marauder  
  152  11:22  SCV  
  152  11:23  Marine  
  154  11:26  SCV  
  154  11:28  Marine x2, Command Center  
  154  11:29  Marine, SCV  
  159  11:33  Armory  
  159  11:34  Marauder  
  159  11:38  SCV  
  159  11:39  Marine  
  163  11:41  Marine  
  163  11:44  SCV  
  165  11:53  Supply Depot x2  
  165  11:57  Marine  
  165  11:59  Marine x2  
  165  12:00  Marauder  
  165  12:01  Marauder  
  165  12:04  Marauder  
  146  12:25  Orbital Command  
  92  13:08  Orbital Command  
  87  13:40  Starport Tech Lab  
  86  13:47  Supply Depot  
  86  13:48  Supply Depot  
  86  13:49  Supply Depot  
  86  13:59  Cloaking Field  
  86  14:11  Supply Depot  
  86  14:13  Supply Depot x2  
  82  14:32  Marine, Banshee  
  82  14:35  Supply Depot  
  82  14:37  Supply Depot  
  80  15:19  Marine  
Show
View Real Time Build Order
Export as new Build Order

Hellraiser Protoss 

Build Orders: Oracle Opening, Archon Immortal 

Get SALT Encoding   

  12  0:00  Probe  
  13  0:12  Probe  
  14  0:17  Pylon  
  14  0:24  Probe (Chrono Boost)  
  16  0:37  Probe (Chrono Boost)  
  16  0:38  Gateway  
  16  0:42  Probe (Chrono Boost)  
  16  0:47  Assimilator  
  17  0:52  Probe  
  18  1:04  Probe  
  18  1:05  Pylon  
  19  1:16  Probe  
  20  1:24  Zealot (Chrono Boost)  
  20  1:25  Cybernetics Core  
  20  1:28  Probe  
  23  1:56  Nexus  
  23  2:00  Adept (Chrono Boost)  
  25  2:05  Probe  
  26  2:09  Assimilator  
  26  2:17  Probe  
  26  2:24  Stargate  
  26  2:29  Adept  
  28  2:33  Probe  
  29  2:45  Probe  
  28  2:57  Probe  
  29  3:05  Pylon  
  29  3:08  Oracle (Chrono Boost)  
  33  3:12  Probe  
  33  3:14  Probe  
  33  3:15  Stalker  
  36  3:24  Probe  
  36  3:26  Shield Battery, Probe  
  38  3:34  Void Ray (Chrono Boost)  
  38  3:37  Probe  
  38  3:38  Probe  
  44  3:49  Probe  
  44  3:50  Probe  
  44  4:01  Probe  
  46  4:02  Probe  
  46  4:13  Probe (Chrono Boost)  
  46  4:15  Probe (Chrono Boost)  
  46  4:16  Warp Gate  
  47  4:18  Twilight Council  
  44  4:27  Probe (Chrono Boost)  
  44  4:29  Gateway x2  
  44  4:31  Probe (Chrono Boost)  
  46  4:36  Probe (Chrono Boost)  
  46  4:38  Assimilator  
  48  4:39  Probe (Chrono Boost)  
  48  4:45  Stalker  
  52  4:46  Probe x2 (Chrono Boost)  
  52  4:49  Pylon  
  52  4:51  Probe  
  52  4:55  Forge, Blink (Chrono Boost)  
  52  4:59  Probe  
  54  5:07  Probe  
  56  5:19  Probe  
  56  5:23  Probe  
  57  5:29  Protoss Ground Weapons Level 1  
  57  5:30  Nexus  
  57  5:31  Pylon, Probe  
  57  5:35  Stalker x2  
  62  5:49  Probe x2  
  64  6:05  Robotics Facility  
  64  6:07  Stalker  
  64  6:09  Nexus  
  64  6:10  Pylon  
  66  6:13  Stalker x2  
  66  6:18  Assimilator  
  70  6:22  Gateway  
  70  6:24  Dark Shrine  
  70  6:26  Gateway  
  70  6:28  Probe  
  70  6:29  Probe  
  69  6:38  Stalker x3  
  75  6:41  Probe  
  75  6:42  Probe  
  75  6:44  Charge (Chrono Boost)  
  75  7:00  Immortal (Chrono Boost)  
  77  7:04  Shield Battery  
  77  7:06  Shield Battery  
  73  7:10  Probe  
  73  7:13  Probe  
  73  7:17  Pylon, Stalker x3  
  75  7:23  Probe x2 (Chrono Boost)  
  77  7:31  Zealot x2  
  77  7:33  Probe (Chrono Boost)  
  82  7:40  Probe (Chrono Boost)  
  82  7:41  Dark Templar x2  
  87  7:45  Archon, Probe (Chrono Boost)  
  87  7:46  Probe (Chrono Boost)  
  87  7:47  Zealot  
  87  7:48  Probe  
  91  7:55  Probe  
  91  7:58  Probe  
  85  8:00  Protoss Ground Armor Level 1 (Chrono Boost), Probe  
  86  8:07  Probe  
  86  8:10  Probe  
  86  8:12  Observer (Chrono Boost), Probe  
  90  8:18  Gateway  
  90  8:19  Pylon, Sentry, Probe  
  93  8:22  Pylon  
  93  8:23  Pylon  
  93  8:31  Pylon  
  93  8:35  Immortal (Chrono Boost)  
  93  8:37  Probe x2  
  93  8:39  Gateway  
  99  8:41  Pylon  
  99  8:44  Probe  
  99  8:46  Assimilator  
  98  8:49  Probe x2  
  98  8:50  Assimilator  
  98  8:56  Probe  
  98  8:57  Sentry x2  
  98  9:02  Probe  
  105  9:03  Robotics Bay  
  105  9:04  Immortal (Chrono Boost)  
  105  9:08  Pylon  
  108  9:10  Zealot x2  
  108  9:11  Zealot  
  114  9:25  Stalker x2  
  118  9:33  Immortal (Chrono Boost)  
  122  9:39  Dark Templar  
  122  9:40  Dark Templar, Zealot x3  
  132  9:45  Archon  
  132  9:48  Nexus  
  132  9:54  Probe x2  
  132  9:56  Probe  
  134  10:04  Colossus (Chrono Boost)  
  124  10:10  Probe  
  127  10:19  Nexus  
  127  10:21  Forge  
  127  10:22  Pylon, Probe x2  
  127  10:24  Probe  
  127  10:26  Pylon  
  127  10:27  Photon Cannon  
  130  10:34  Dark Templar x2  
  134  10:40  Archon  
  134  10:42  Shield Battery, Colossus (Chrono Boost)  
  140  10:51  Probe  
  140  10:52  Stalker x2  
  140  10:53  Stalker  
  147  11:01  Zealot  
  149  11:08  Zealot  
  141  11:22  Probe  
  138  11:28  Pylon  
  138  11:30  Pylon  
  138  11:32  Stalker x6  
  143  11:50  Pylon  
  143  11:51  Pylon  
  143  11:53  Nexus  
  124  12:11  Dark Templar x4  
  124  12:12  Dark Templar x2  
  100  12:50  Pylon  
  96  13:02  Pylon  
  96  13:20  Nexus  
  84  14:01  Nexus  
  79  15:10  Nexus  

Tags
 
Add a new tag
Caveats
  • Supply blocks, unpowered buildings, or Contaminate may cause inaccurate times.
  • Supply counts are checked every 10 seconds.